 Dungeon Crawl Stone Soup version 0.28-b1-1-g3c77fb2ed1 (webtiles) character file.

Game seed: 7425177506054517009

3774 markar the Geomancer (level 9, -3/62 HPs)
             Began as a Demigod Earth Elementalist on Jan 31, 2022.
             Slain by Harold (20 damage)
             ... on level 7 of the Dungeon.
             The game lasted 00:23:07 (8622 turns).

markar the Geomancer (Demigod Earth Elementalist)   Turns: 8622, Time: 00:23:10

Health: -3/62      AC:  4    Str: 19    XL:     9   Next: 63%
Magic:  6/15       EV: 12    Int: 31    God:
Gold:   414        SH:  0    Dex: 14    Spells: 8/12 levels left

rFire   . . .      SeeInvis .   G - staff of earth
rCold   . . .      Faith    .   (no shield)
rNeg    . . .      Spirit   .   f - +0 robe {Will+}
rPois   .          Reflect  .   (no helmet)
rElec   .          Harm     .   r - +1 cloak
rCorr   .          Rampage  .   (no gloves)
Will    +....                   (no boots)
Stlth   ++........              (no amulet)
HPRegen 0.20/turn               s - +6 ring of intelligence
MPRegen 0.14/turn               t - +6 ring of strength

@: no status effects
A: high mp 1, forlorn, divine attributes
a: no special abilities


You were on level 7 of the Dungeon.
You visited 1 branch of the dungeon, and saw 7 of its levels.

You collected 414 gold pieces.

Inventory:

Hand Weapons
 d - a +0 short sword
 p - a +0 quarterstaff
Missiles
 c - 115 stones
 h - 3 throwing nets
Armour
 f - a +0 robe of willpower (worn)
 r - a +1 cloak (worn)
Magical Staves
 G - a staff of earth (weapon)
Jewellery
 m - a ring of flight
 s - a +6 ring of intelligence (left hand)
 t - a +6 ring of strength (right hand)
 v - a ring of wizardry
 y - a ring of resist corrosion
 B - a +6 ring of intelligence
 E - a +4 ring of evasion
Wands
 l - a wand of iceblast (3)
 q - a wand of polymorph (15)
 x - a wand of acid (5)
 A - a wand of digging (3)
Scrolls
 a - 3 scrolls of identify {unknown}
 e - 4 scrolls of teleportation {unknown}
 g - 2 scrolls of noise {unknown}
 j - 2 scrolls of magic mapping {unknown}
 u - 2 scrolls of fog {unknown}
 z - a scroll of summoning {unknown}
 C - 2 scrolls of immolation {unknown}
 D - a scroll of enchant armour {unknown}
 F - a scroll of fear {unknown}
 I - a scroll of amnesia {unknown}
Potions
 b - a potion of attraction {unknown}
 i - 3 potions of brilliance {unknown}
 k - a potion of invisibility {unknown}
 o - a potion of ambrosia {unknown}
 w - a potion of magic {unknown}
 H - 3 potions of heal wounds
 J - a potion of curing {unknown}
Miscellaneous
 n - a piece from Xom's chessboard (15/15)


   Skills:
 + Level 6.3 Staves
 - Level 1.7 Dodging
 - Level 1.7 Stealth
 - Level 2.0 Spellcasting
 * Level 7.8 Conjurations
 - Level 0.8 Transmutations
 + Level 8.7 Earth Magic


You had 8 spell levels left.
You knew the following spells:

 Your Spells              Type           Power      Damage    Failure   Level
a - Sandblast             Erth           100%       2d20      1%          1
b - Stone Arrow           Conj/Erth      100%       3d13      1%          3

Your spell library contained the following spells:

 Spells                   Type           Power      Damage    Failure   Level
 Passwall                 Tmut/Erth      40%        N/A       1%          2
 Petrify                  Tmut/Erth      49%        N/A       11%         4


Dungeon Overview and Level Annotations

Branches:
Dungeon (7/15)             Temple (0/1) D:7

Annotations:
D:7 Harold


Innate Abilities, Weirdness & Mutations

You have an increased reservoir of magic. (+10% MP)
You shall have no god before yourself.
Your divine heritage dramatically boosts your attributes as you level up.


Message History

You shred the net and break free!
Casting: Stone Arrow (safe; 1% risk of failure)
Confirm with . or Enter, or press ? or * to list all spells.
You can't see any susceptible monsters within range! (Use Z to cast anyway.) Harold throws a throwing net.
The throwing net hits you.
You become entangled in the net!
Casting: Stone Arrow (safe; 1% risk of failure)
Confirm with . or Enter, or press ? or * to list all spells.
You can't see any susceptible monsters within range! (Use Z to cast anyway.)
You struggle against the net.
Harold fires a harpoon shot at you. The harpoon shot hits you!
You are yanked forward by the harpoon shot.
Casting: Stone Arrow (safe; 1% risk of failure)
Confirm with . or Enter, or press ? or * to list all spells.
Aiming: Stone Arrow (safe; 1% risk of failure)
Press: ? - help, Shift-Dir - straight line, f - Harold
Aim: Harold, wielding a +0 battleaxe, wearing a +0 chain mail and quivering 2 throwing nets (89% to hit)
You feel a surge of power!
The stone arrow hits Harold!
Harold is moderately wounded.
Harold hits you with a +0 battleaxe!
Harold is nearby!
Casting: Stone Arrow (safe; 1% risk of failure)
Confirm with . or Enter, or press ? or * to list all spells.
Aiming: Stone Arrow (safe; 1% risk of failure)
Press: ? - help, Shift-Dir - straight line, f/p - Harold
Aim: Harold, wielding a +0 battleaxe, wearing a +0 chain mail and quivering 2 throwing nets (moderately wounded, 89% to hit)
You feel a surge of power!
The stone arrow hits Harold!!
Harold is heavily wounded.
Harold hits you with a +0 battleaxe!!
* * * LOW HITPOINT WARNING * * *
Casting: Stone Arrow (safe; 1% risk of failure)
Confirm with . or Enter, or press ? or * to list all spells.
Aiming: Stone Arrow (safe; 1% risk of failure)
Press: ? - help, Shift-Dir - straight line, f/p - Harold
Aim: Harold, wielding a +0 battleaxe, wearing a +0 chain mail and quivering 2 throwing nets (heavily wounded, 89% to hit)
You feel a surge of power!
The stone arrow hits Harold!
Harold is severely wounded.
Harold hits you with a +0 battleaxe!!
You die...

#.######..######...## ###
#........ .........# #.#
#..###### ##.....# #.#######
...######.. +......# #.......#
........... ##..#..# #.#####.#
#..####.##. #..#..# #.#####.#
#..####.# #..#..# #.......#
...#.##.#######.@#..# #.#######
..........#...#.@#..####.#
#.##.##.#.#...#..........#
#.##......+...#..#..####.#
#.#<.##.#.#...#..#..####.#
..).....#................#
#)#[.#..#.#.#....#..#############
..[...........#..................
..............#................##
.....#......#.#.#†..........).(..


You could see Harold.

Vanquished Creatures
  A two-headed ogre (D:6)
  Pikel (D:7)
  A hornet (D:6)
  Sigmund (D:2)
  Menkaure (D:6)
  3 water moccasins
  An orc warrior (D:7)
  A sky beast (D:5)
  2 black bears
  2 ice beasts (D:6)
  2 ogres
  A lemure (D:5)
  3 phantoms
  2 scorpions
  A water moccasin zombie (D:4)
  A howler monkey (D:7)
  2 centaur zombies
  A jelly (D:5)
  4 hounds
  4 orc priests
  2 centaur skeletons
  3 iguanas
  4 orc wizards
  2 scorpion zombies (D:4)
  A hound zombie (D:4)
  2 hound skeletons (D:4)
  A howler monkey zombie (D:6)
  7 adders
  A shadow imp (D:7)
  An ufetubus (D:4)
  3 adder zombies (D:4)
  2 dart slugs (D:1)
  12 orcs
  6 endoplasms
  6 giant cockroaches
  16 goblins
  7 hobgoblins
  7 quokkas
  8 ball pythons
  3 bats (D:1)
  3 frilled lizards
  9 kobolds
  A quokka skeleton (D:4)
  6 rats
148 creatures vanquished.

Vanquished Creatures (others)
  3 withered plants (D:4)
3 creatures vanquished.

Grand Total: 151 creatures vanquished

Notes
Turn   | Place    | Note
-------+----------+-------------------------------------------
     0 | D:1      | markar the Demigod Earth Elementalist began the quest for
                  | the Orb.
     0 | D:1      | Reached XP level 1. HP: 14/14 MP: 5/5
   144 | D:1      | Reached skill level 3 in Earth Magic
   286 | D:1      | Reached XP level 2. HP: 20/20 MP: 5/7
  1130 | D:2      | Reached skill level 4 in Earth Magic
  1130 | D:2      | Reached XP level 3. HP: 14/26 MP: 1/8
  1433 | D:2      | Learned a level 3 spell: Stone Arrow
  1692 | D:2      | Noticed Sigmund
  1775 | D:3      | Reached XP level 4. HP: 33/33 MP: 5/9
  2238 | D:3      | Reached skill level 1 in Conjurations
  2722 | D:4      | Reached skill level 5 in Earth Magic
  2722 | D:4      | Reached XP level 5. HP: 31/38 MP: 2/10
  2904 | D:4      | Reached skill level 1 in Staves
  3121 | D:4      | Reached XP level 6. HP: 25/45 MP: 9/11
  3859 | D:2      | Killed Sigmund
  4219 | D:5      | Entered Level 5 of the Dungeon
  4236 | D:5      | Reached XP level 7. HP: 34/50 MP: 2/13
  4679 | D:5      | Reached skill level 6 in Earth Magic
  4757 | D:5      | Reached skill level 5 in Staves
  5408 | D:6      | Reached XP level 8. HP: 57/57 MP: 4/14
  5485 | D:6      | Noticed a hornet
  5715 | D:6      | Noticed a two-headed ogre
  5720 | D:6      | Killed a two-headed ogre
  5721 | D:6      | Reached skill level 5 in Conjurations
  5721 | D:6      | Reached skill level 7 in Earth Magic
  6046 | D:6      | Noticed Menkaure
  6204 | D:6      | Killed Menkaure
  6450 | D:6      | Reached XP level 9. HP: 62/62 MP: 11/15
  6979 | D:6      | Reached skill level 8 in Earth Magic
  7599 | D:7      | Found a staircase to the Ecumenical Temple.
  7607 | D:7      | Noticed Pikel
  7612 | D:7      | Killed Pikel
  8226 | D:7      | Noticed a cacodemon
  8606 | D:7      | Noticed Harold
  8622 | D:7      | Slain by Harold

Illustrated notes

Levels and vault maps discovered:
D:1:      dpeg_arrival_three_bigger_balls, layout_basic,
          corexii_item_surrounded_by_moat
D:2:      layout_basic, uniq_sigmund
D:3:      kennysheep_the_goblin_king, layout_rooms, marbit_many_paths,
          xom_butterflies
D:4:      layout_rooms, nicolae_overflow_crystal_walls,
          nicolae_dithmenos_shadow_blocks, elyvilon_altar_3, serial_undead,
          serial_undead_c, serial_undead_c, serial_undead_d, serial_undead_c,
          minmay_ruined_shrine
D:5:      layout_loops_ring, minmay_misc_feat_tower
D:6:      black_bear_nest_2, layout_basic, uniq_menkaure
D:7:      layout_basic, makhleb_altar_promises_db,
          mainiacjoe_overflow_cross_hatched, minmay_temple_entry_arrows,
          uniq_pikel, uniq_harold

Skill      XL: |  1  2  3  4  5  6  7  8  9 |
---------------+----------------------------+-----
Earth Magic    | 3 4 5 6 7 8 |  8.7
Spellcasting   | 2 |  2.0
Conjurations   | 1 2 3 5 7 |  7.8
Staves         | 1 3 5 6 |  6.3
Dodging        | |  1.7
Stealth        | |  1.7
Transmutations | |  0.8

Action                   |  1- 3 |  4- 6 |  7- 9 || total
-------------------------+-------+-------+-------++-------
Melee: Quarterstaff      |       |   113 |    12 ||   125
 Cast: Sandblast         |    51 |    47 |    20 ||   118
       Stone Arrow       |       |     6 |    79 ||    85
 Stab: Sleeping          |       |     2 |       ||     2
Armor: Robe              |       |    49 |    13 ||    62
Dodge: Dodged            |     8 |    85 |    36 ||   129
